 Dungeon Crawl Stone Soup version 0.27-a0-679-g77a6b55cf3 (webtiles) character file.

Game seed: 17276885377884963113

79 Lanoc the Slasher (level 4, -1/40 HPs)
             Began as a Palentonga Berserker on Mar 18, 2021.
             Was a Follower of Trog.
             Slain by a hobgoblin
             ... wielding a +0 club
              (2 damage)
             ... on level 3 of the Dungeon.
             The game lasted 00:01:33 (803 turns).

Lanoc the Slasher (Palentonga Berserker)             Turns: 803, Time: 00:01:33

Health: -1/40      AC:  5    Str: 20    XL:     4   Next: 17%
Magic:  4/4        EV: 10    Int:  7    God:    Trog [*.....]
Gold:   22         SH:  0    Dex: 11    Spells: 3/3 levels left

rFire    . . .     SeeInvis +   a - +0 falchion
rCold    . . .     Faith    .   (no shield)
rNeg     . . .     Spirit   .   b - +0 animal skin
rPois    .         Reflect  .   (no helmet)
rElec    .         Harm     .   f - +0 cloak
rCorr    .         Rampage  .   (no gloves)
Will     .....                  (no barding)
Stlth    +.........             (no amulet)
HPRegen  0.13/turn              (no ring)
MPRegen  0.09/turn              (no ring)

@: berserk cooldown, slowed, very slow
A: large, rugged brown scales 3, see invisible, deformed body, roll 1, armoured
tail
a: Rolling Charge, Renounce Religion, Berserk


You were on level 3 of the Dungeon.
You worshipped Trog.
Trog was aware of your devotion.
You visited 1 branch of the dungeon, and saw 3 of its levels.

You collected 22 gold pieces.

Inventory:

Hand Weapons
 a - a +0 falchion (weapon)
Armour
 b - a +0 animal skin (worn)
 f - a +0 cloak (worn)
Potions
 c - a potion of curing
 g - a potion of lignification {unknown}


   Skills:
 + Level 3.5 Fighting
 * Level 4.1 Long Blades
 - Level 1.5 Armour
 + Level 2.2 Dodging


You had 3 spell levels left.
You didn't know any spells.
Your spell library was empty.

Dungeon Overview and Level Annotations

Branches:
Dungeon (3/15)

Altars:
Vehumet


Innate Abilities, Weirdness & Mutations

You are completely covered in rugged brown scales. (AC +3, +7% HP)
You have supernaturally acute eyesight. (SInv)
Armour fits poorly on your strangely shaped body.
You can roll at nearby foes to attack.
You have a long armoured tail.


Message History

You feel agile.
You completely miss the goblin. The goblin hits you but does no damage.
The hobgoblin hits you but does no damage.
The goblin hits you with a +0 dagger.
* * * LOW HITPOINT WARNING * * *
The hobgoblin closely misses you.
You hit the goblin.
Your tail-slap misses the goblin.
The goblin is heavily wounded.
The goblin hits you with a +0 dagger.
* * * LOW HITPOINT WARNING * * *
The hobgoblin hits you with a +0 club.
* * * LOW HITPOINT WARNING * * *
The goblin hits you but does no damage.
You closely miss the goblin.
The goblin is heavily wounded.
The hobgoblin closely misses you. The goblin hits you but does no damage.
The hobgoblin hits you with a +0 club.
* * * LOW HITPOINT WARNING * * *
You closely miss the goblin.
The goblin is heavily wounded.
The goblin misses you.
You riposte.
You hit the goblin.
You kill the goblin!
Trog accepts your kill.
The hobgoblin barely misses you. x2; You riposte.
You hit the hobgoblin but do no damage.
It was a potion of curing.
You feel better. The hobgoblin hits you with a +0 club.
* * * LOW HITPOINT WARNING * * *
You hit the hobgoblin.
You tail-slap the hobgoblin, but do no damage.
The hobgoblin is lightly wounded.
The hobgoblin hits you with a +0 club.
* * * LOW HITPOINT WARNING * * *
The hobgoblin hits you but does no damage.
You hit the hobgoblin but do no damage. You tail-slap the hobgoblin.
The hobgoblin is heavily wounded.
The hobgoblin hits you with a +0 club.
* * * LOW HITPOINT WARNING * * *
The hobgoblin hits you with a +0 club.
You die...

.... ... ..
..# ... #..
... ..##.#
..#g# #g#.#
#@#.##
#.)..#####
###......#
####.####...
#.......#
#....)..#
#.<..†..#
#.......#
#########


You could see a hobgoblin.

Vanquished Creatures
  An orc priest (D:3)
  3 adders
  2 worms (D:2)
  A leopard gecko (D:2)
  2 orcs (D:3)
  2 goblins
  A hobgoblin (D:2)
  3 bats (D:2)
  A frilled lizard (D:2)
  2 kobolds
18 creatures vanquished.

Notes
Turn   | Place    | Note
-------+----------+-------------------------------------------
     0 | D:1      | Lanoc the Palentonga Berserker began the quest for the Orb.
     0 | D:1      | Reached XP level 1. HP: 20/20 MP: 1/1
    22 | D:2      | Reached XP level 2. HP: 27/27 MP: 2/2
   365 | D:2      | Found a radiant altar of Vehumet.
   381 | D:2      | Noticed an ice beast
   414 | D:2      | Reached XP level 3. HP: 8/33 MP: 3/3
   797 | D:3      | Reached skill level 4 in Long Blades
   797 | D:3      | Reached XP level 4. HP: 13/40 MP: 4/4
   799 | D:3      | HP: 2/40 [hobgoblin/+0 club (5)]
   803 | D:3      | Slain by a hobgoblin

Illustrated notes

Levels and vault maps discovered:
D:1:      amcnicky_arrival_blooded_trapdoor, layout_loops_ring,
          minmay_pentomino_s4
D:2:      layout_basic, lemuel_doored_altar, kennysheep_generic_room_9,
          uniq_natasha
D:3:      layout_rooms, marbit_many_paths

Skill      XL: |  1  2  3 |
---------------+----------+-----
Dodging        | 2 |  2.2
Long Blades    | 4 |  4.1
Fighting       | |  3.5
Armour         | |  1.5

Action                   |  1- 3 |  4- 6 || total
-------------------------+-------+-------++-------
Melee: Falchion          |    58 |     6 ||    64
       Tailslap          |    11 |     2 ||    13
Invok: Berserk           |     3 |       ||     3
 Abil: Rolling Charge    |     9 |       ||     9
  Use: Scroll            |     2 |       ||     2
       Potion            |       |     1 ||     1
Armor: Animal skin       |    16 |     5 ||    21
Dodge: Dodged            |    32 |     5 ||    37
       Rpst.: Falchion   |     9 |     2 ||    11

Table legend: (Time is in decaauts)
 A = Elapsed time spent in this place.
 B = Non-inter-level travel time spent in this place.
 C = Inter-level travel time spent in this place.
 D = Time resting spent in this place.
 E = Time spent auto-exploring this place.
 F = Levels seen in this place.
 G = Mean time per level.
                   A        B        C        D        E       F      G
               +--------+--------+--------+--------+--------+-----+--------+
         Total |    828 |    809 |     19 |      0 |    655 |   3 |  276.0 |
       Dungeon |    828 |    809 |     19 |      0 |    655 |   3 |  276.0 |
               +--------+--------+--------+--------+--------+-----+--------+

Top non-repeatable levels by time:
     D:2: 714 daAuts
     D:3: 109 daAuts
     D:1: 4 daAuts
